 Dungeon Crawl Stone Soup version 0.18-a0-846-g91b95b1 (webtiles) character file.

41 tof the Insei (level 3, 0/33 HPs)
             Began as a Hill Orc Monk on Dec 20, 2015.
             Was a Believer of Pakellas.
             Slain by an adder (1 damage)
             ... on level 2 of the Dungeon.
             The game lasted 00:04:54 (1348 turns).

tof the Insei (Hill Orc Monk)                       Turns: 1348, Time: 00:04:54

Health: 0/33       AC:  5    Str: 13    XL:     3   Next: 52%
Magic:  3/3        EV: 11    Int: 10    God:    Pakellas [**....]
Gold:   41         SH:  0    Dex: 14    Spells: 0 memorised, 2 levels left

rFire  . . .     SeeInvis .     a - +0 hand axe
rCold  . . .     Gourm    .     i - +0 ring mail
rNeg   . . .     Faith    .     (no shield)
rPois  .         Spirit   .     (no helmet)
rElec  .         Dismiss  .     (no cloak)
rCorr  .         Reflect  .     (no gloves)
SustAt .         Harm     .     (no boots)
MR     .....                    (no amulet)
Stlth  +.........               (no ring)
                                (no ring)

@: lethally poisoned (0 -> 0), not resistant to hostile enchantments, very
unstealthy
A: no striking features
a: Quick Charge, Renounce Religion


You were on level 2 of the Dungeon.
You worshipped Pakellas.
Pakellas was pleased with you.
You were not hungry.

You visited 1 branch of the dungeon, and saw 2 of its levels.

You collected 41 gold pieces.

Inventory:

Hand Weapons
 a - a +0 hand axe (weapon)
Armour
 i - a +0 ring mail (worn)
Wands
 j - a wand of enslavement (10/24)
Scrolls
 e - a scroll of enchant armour {unknown}
 f - a scroll of fog {unknown}
 g - a scroll of blinking {unknown}
 h - a scroll of remove curse {unknown}
 k - a scroll of identify {unknown}
Potions
 c - 2 potions of degeneration {unknown}
 d - 2 potions of haste {unknown}
Comestibles
 b - a bread ration


   Skills:
 + Level 4.2 Fighting
 * Level 1.0 Axes
 + Level 0.4 Armour
 + Level 2.6 Dodging
 + Level 1.5 Stealth
 + Level 4.9 Unarmed Combat


You had 2 spell levels left.
You didn't know any spells.

Dungeon Overview and Level Annotations

Branches:
Dungeon (2/15)

Altars:
Gozag
Nemelex Xobeh
Pakellas
Qazlal
Zin


Message History

Aim: a gnoll, wielding a spear (chance to defeat MR: 54%)
The gnoll resists with significant effort.
This wand has 10 charges left.
You feel sick. The gnoll barely misses you. The adder barely misses you.
The gnoll hits you from afar with a spear.
The gnoll closely misses you. The adder barely misses you.
You feel sick.
That item cannot be evoked!
The adder bites you but does no damage.
You barely miss the adder.
The adder is moderately wounded.
You feel sick. The adder bites you but does no damage.
The adder barely misses you.
You completely miss the adder.
The adder is moderately wounded.
The gnoll hits you from afar with a halberd!
* * * LOW HITPOINT WARNING * * *
The adder bites you.
You die...

....###.#####.#
#.............#
#...###.#######
#...# #.#
#####...###.#
.....))g..gg#
........###g#
.......## #S#
.#####. #@# #.
#.# .. ..# ..
#### ###


You could see 3 gnolls and an adder.

Vanquished Creatures
  An adder (D:2)
  A gnoll (D:1)
  An ooze (D:1)
  A ball python (D:1)
  2 bats
  2 kobolds (D:1)
  A giant cockroach (D:1)
  2 giant newts (D:1)
  3 goblins
  3 jackals (D:2)
  3 rats
20 creatures vanquished.

Vanquished Creatures (others)
  A gnoll (D:2)
1 creature vanquished.

Grand Total: 21 creatures vanquished

Notes
Turn   | Place    | Note
--------------------------------------------------------------
     0 | D:1      | tof the Hill Orc Monk began the quest for the Orb.
     0 | D:1      | Reached XP level 1. HP: 19/19 MP: 1/1
   151 | D:1      | Reached XP level 2. HP: 17/27 MP: 2/2
   564 | D:1      | Reached skill level 1 in Axes
   564 | D:1      | Reached XP level 3. HP: 18/33 MP: 3/3
   961 | D:2      | Found an oddly glowing altar of Pakellas.
   967 | D:2      | Found a glowing silver altar of Zin.
   970 | D:2      | Found an opulent altar of Gozag.
   970 | D:2      | Found a stormy altar of Qazlal.
  1037 | D:2      | Became a worshipper of Pakellas the Inventive
  1037 | D:2      | Reached * piety under Pakellas
  1037 | D:2      | Reached ** piety under Pakellas
  1037 | D:2      | Received a gift from Pakellas
  1093 | D:2      | Found a sparkling altar of Nemelex Xobeh.
  1348 | D:2      | HP: 1/33 [gnoll/halberd (10)]
  1348 | D:2      | Slain by an adder

Vault maps used:
D:1:      scummos_arrival_simple_fountains, kennysheep_decorative_pillar
D:2:      lemuel_coloured_pillars_altar, grunt_temple_overflow_open,
          uniq_terence

Action                   || total
-------------------------++-------
Melee: Unarmed           ||    11
       Hand axe          ||    52
Evoke: Wand              ||     2
  Eat: Chunk             ||     1
